cohdb
Replays
Latest Replays
All Replays
Popular Replays
Top Player Replays
Match Explorer
How It Works
Community
CoH3 Stats
Reddit
Sign in to upload your games and track your stats! →
Sign in with Steam
Match 43732621
Unlisted
Match 43732621
Overview
Messages
Build Orders
End
Construct Section Command Post
Selects Canadian Shock Battlegroup
Infantry Section
ML 3-inch Mortar Team
Infantry Section
Construct Platoon Command Post
Selects Offensive Resupply
Selects Canadian Shock Section
Canadian Shock Section
Humber Armored Car
Selects Incendiary Munitions
CMP 15cwt Truck
Unlock M3 Stuart Light Tanks
M3 Stuart Light Tank
M3 Stuart Light Tank
M3 Stuart Light Tank
Royal Engineer Section
M3 Stuart Light Tank
M3 Stuart Light Tank
Infantry Training
Selects Pyrotechnics
Selects Churchill Crocodile Heavy Tank
Churchill Crocodile Heavy Tank
Canadian Shock Section
BubbleWind
ILoveGingers
crazymcdazy
Pocket
TinkyLockhart
BLACK_CARDINAL
doumbeo169
matrix4x4
0
0
Comments
sign in to comment!
No comments posted yet!